 Dungeon Crawl Stone Soup version 0.24-a0-252-g5076262 (webtiles) character file.

Game seed: 8042054531546481402

376648 Lanoc the Warrior (level 23, -2/268 HPs)
             Began as an Octopode Berserker on Apr 17, 2019.
             Was the Champion of Trog.
             Killed from afar by a lich (64 damage)
             ... with a crystal spear
             ... on level 1 of the Depths.
             The game lasted 02:22:43 (47671 turns).

Lanoc the Warrior (Octopode Berserker)             Turns: 47671, Time: 02:22:44

Health: -2/268     AC:  6    Str: 27    XL:     23   Next: 11%
Magic:  35/35      EV: 37    Int:  8    God:    Trog [******]
Gold:   136        SH: 12    Dex: 18    Spells: 22/22 levels left

rFire    + + .     SeeInvis +   P - +8 demon blade (drain)
rCold    + . .     Gourm    .   L - +3 warlock's mirror {reflect}
rNeg     + . .     Faith    .   (helmet restricted)
rPois    .         Spirit   .   e - +4 amulet of reflection
rElec    .         Reflect  +   d - ring of protection from fire
rCorr    .         Harm     .   o - ring of protection from magic
MR       ++++.                  E - ring of protection from cold
Stlth    ..........             X - ring of the Many Demons {rF+ SInv}
HPRegen  1.54/turn              U - +6 ring of evasion
MPRegen  0.24/turn              S - ring of positive energy
                                O - +5 ring of protection
                                v - +3 ring of strength

@: berserking, regenerating, studying Shields, very quick
A: almost no armour, stealthy swim, amphibious, 8 rings, constrict 8, camouflage
2, dopey 1, wild magic 1, gelatinous body 1
}: 1/15 runes: barnacled
a: Berserk, Trog's Hand, Brothers in Arms, Renounce Religion


You were on level 1 of the Depths.
You worshipped Trog.
Trog was exalted by your worship.
You were very hungry.

You visited 8 branches of the dungeon, and saw 36 of its levels.
You visited 2 bazaars.
You also visited: Gauntlet.

You collected 4488 gold pieces.
You spent 4352 gold pieces at shops.

Inventory:

Hand Weapons
 z - the +8 triple sword of Qaalolas {holy, rElec rPois rC- Int+2}
   (Trog gifted it to you on level 15 of the Dungeon)

   It has been blessed by the Shining One to cause great damage to the undead
   and demons.
   It affects your intelligence (+2).
   It makes you vulnerable to cold.
   It insulates you from electricity.
   It protects you from poison.
 P - a +8 demon blade of draining (weapon)
 Z - a +4 double sword of protection
Missiles
 Y - 12 throwing nets (quivered)
Armour
 F - a +2 large shield
 L - the +3 warlock's mirror (worn) {reflect}
   (You found it in a Gauntlet)
Jewellery
 d - a ring of protection from fire (left tentacle)
 e - a +4 amulet of reflection (around mantle)
 o - a ring of protection from magic (right tentacle)
 v - a +3 ring of strength (on tentacle)
 E - a ring of protection from cold (on tentacle)
 O - a +5 ring of protection (on tentacle)
 S - a ring of positive energy (on tentacle)
 U - a +6 ring of evasion (on tentacle)
 X - the ring of the Many Demons (on tentacle) {rF+ SInv}
   (You acquired it in a bazaar)

   [ring of see invisible]

   It protects you from fire.
   It lets you see invisible.
Wands
 r - a wand of enslavement (19)
 s - a wand of disintegration (28)
 t - a wand of paralysis (19)
 w - a wand of digging (18)
 B - a wand of iceblast (31)
 N - a wand of clouds (3)
 T - a wand of acid (39)
Scrolls
 c - 11 scrolls of remove curse
 f - 7 scrolls of immolation
 g - 13 scrolls of teleportation
 m - 2 scrolls of fog
 q - 6 scrolls of enchant armour
 u - a scroll of blinking
 y - a scroll of magic mapping
 K - a scroll of silence
 Q - 3 scrolls of fear
 W - 10 scrolls of identify
Potions
 i - 2 potions of ambrosia
 j - 5 potions of haste
 k - 5 potions of flight
 l - 6 potions of heal wounds
 p - 4 potions of cancellation
 x - 7 potions of might
 C - 2 potions of lignification
 D - 5 potions of curing
 H - 4 potions of invisibility
 J - 4 potions of agility
 V - 7 potions of mutation
Books
 a - a manual of Shields
Miscellaneous
 h - a box of beasts
 n - a lamp of fire
 G - a lightning rod (4/4)
 I - 4 sacks of spiders
 R - a phantom mirror
Comestibles
 b - 53 rations
 A - 9 chunks of flesh


   Skills:
 + Level 20.9 Fighting
 - Level 18.3 Long Blades
 + Level 20.9 Dodging
 - Level 13.0 Stealth
 - Level 4.0 Shields
 + Level 17.1 Evocations


You had 22 spell levels left.
You didn't know any spells.
Your spell library was empty.

Dungeon Overview and Level Annotations

Branches:
Dungeon (15/15)            Temple (1/1) D:4            Lair (6/6) D:9
 Shoals (4/4) Lair:4       Spider (0/4) Lair:3        Slime (0/5) Lair:5
    Orc (2/2) D:9             Elf (3/3) Orc:2        Vaults (4/5) D:13
  Crypt (0/3) Vaults:3     Depths (1/5) D:15

Altars:
Elyvilon
Gozag
Kikubaaqudgha
Makhleb
Okawaru
Xom
Yredelemnul
Zin
Beogh
Jiyva

Shops:
D:5 (   D:9 [[%   D:14 ?   D:15 *   Orc:1 (*   Orc:2 :[*(   Elf:1 ?!   Elf:3 [
Shoals:3 *(   Vaults:4 %

Portals:
Abyss: Depths:1

Annotations:
Vaults:4 3 runed translucent doors, Pyagrit's ghost, adept OgMo


Innate Abilities, Weirdness & Mutations

You cannot wear most types of armour.
You are very stealthy in the water. (Stealth+)
You are amphibious.
You can wear up to eight rings at the same time.
You can use your tentacles to constrict eight enemies at once.
Your skin blends seamlessly with your surroundings (Stealth++).
Your rubbery body absorbs attacks. (AC +1, EV +1)
You are dopey. (Int -2)
Your spells are a little harder to cast, but a little more powerful.


Message History

The deep elf annihilator casts a spell.
The deep elf annihilator blinks!
You strike the helpless red draconian annihilator from behind!
You slice the red draconian annihilator!!
Your attack snaps the red draconian annihilator out of its fear.
The lich shouts!
You grab the red draconian annihilator.
The red draconian annihilator is severely wounded.
You constrict the red draconian annihilator.
You catch the helpless red draconian annihilator completely off-guard!
You carve the red draconian annihilator like a ham!!!
You kill the red draconian annihilator!
Trog accepts your kill.
Trog appreciates your killing of a magic user.
The deep elf annihilator gestures wildly while chanting.
The deep elf annihilator blinks!
You feel a strong urge to attack something.
The lich points at you and mumbles some strange words.
The crystal spear hits you!!!
You die...

,*,**#...../=...#..####.......#
,*,+...##.........## #########
**,**#**#.....(.### *** ,,,*
####.#### **,** **** #†.# **###
*,*,* ##.# *...## *,*,* **
#######§#####....#***,*,*** ,*
#.....)))......⌠..,,,,,,,,, ,*
#......)..@L#...,*,*,***,*, ,*
###...)†.)....#,,,**,*,* *,*,
,***#.'........)..#.#***,*,*
*,*, ,**...#...........'.#
**,** **,*
,*,.**#.e.........### *** ***
,+,** #...........# *** ,,,*
#...........# ****,* ,,,*
#........>..# *,,,,* _,,*
##########'## **,****


You could see a lich.

Vanquished Creatures
  Saint Roka (Orc:2)
  Jorgrun (D:12)
  A lich (Depths:1)
  3 deep elf blademasters
  Polyphemus (Shoals:4)
  The ghost of nht the Executioner, an adept MiBe of Trog (Shoals:4)
  A sphinx (Vaults:2)
  3 krakens
  Roxanne (D:14)
  2 fire giants
  An emperor scorpion (shapeshifter) (Depths:1)
  10 vault wardens
  4 deep elf sorcerers
  Aizul (Vaults:2)
  A ghoul (Vaults:3)
  19 ironheart preservers
  Louise (Shoals:2)
  3 deep elf elementalists (Elf:3)
  2 orc warlords
  A draconian annihilator (Depths:1)
  4 very ugly things (Depths:1)
  10 stone giants
  5 entropy weavers
  A juggernaut skeleton (Depths:1)
  2 deep elf demonologists
  A vampire knight (Depths:1)
  9 deep elf annihilators
  The ghost of Miucotz the Grappler, a journeyman TrMo of Makhleb (Lair:2)
  2 minotaurs
  The ghost of Duod the Severer, a journeyman MiBe of Trog (Lair:3)
  The ghost of Plog the Severer, a journeyman MiBe of Trog (Lair:3)
  An ettin (Vaults:4)
  12 deep elf death magi
  An eidolon (Vaults:3)
  The ghost of Xol Empe the Archer, a journeyman DsFi of Okawaru (Lair:3)
  5 merfolk impalers
  The ghost of Ratty the Prestidigitator, a journeyman GnAr of Vehumet (Lair:3)
  5 fire dragons
  A small abomination (Vaults:3)
  16 yaktaur captains
  Erolcha (Orc:1)
  3 deep elf high priests
  An ice dragon (Depths:1)
  The ghost of Naizifi the Nimble, a journeyman KoNe of Kikubaaqudgha (Lair:3)
  8 vault guards
  8 hydras
  A great orb of eyes (Depths:1)
  2 rakshasas
  4 ghost crabs (Lair:3)
  6 merfolk aquamancers (Shoals:4)
  30 two-headed ogres
  A satyr (Shoals:4)
  3 catoblepae
  25 dancing weapons
  A death knight (Vaults:1)
  12 ogre magi
  16 death yaks
  13 centaur warriors
  5 deep troll earth magi
  4 deep troll shamans
  3 orc high priests
  35 deep elf knights
  A soul eater (Gauntlet)
  11 spriggans (Lair:6)
  Sonja (D:12)
  Nergalle (Orc:2)
  2 skeletal warriors
  5 fire crabs (Lair:3)
  2 large abominations
  2 hell knights (Depths:1)
  3 unseen horrors
  13 sea snakes
  2 iron trolls (Depths:1)
  7 wizards
  18 deep trolls
  An obsidian statue (D:15)
  2 phantasmal warriors (Vaults:2)
  A flayed ghost (Vaults:2)
  16 ironbrand convokers
  12 harpies
  Pikel (D:8)
  27 deep elf archers
  An orange crystal statue (Lair:4)
  An orb spider (shapeshifter) (Vaults:4)
  5 necromancers
  11 fauns
  A mana viper (shapeshifter) (Vaults:3)
  3 wolf spiders
  73 deep elf magi
  27 orc knights
  42 ugly things
  A frost giant zombie (Depths:1)
  7 orc sorcerers
  15 cyclopes
  14 manticores
  2 oklob plants (Lair:2)
  A stone giant zombie (Depths:1)
  Maurice (D:13)
  An apocalypse crab (Lair:3)
  12 elephants
  A frost giant skeleton (Depths:1)
  6 water nymphs
  A guardian serpent (shapeshifter) (D:15)
  15 vault sentinels
  A rust devil (Gauntlet)
  8 merfolk sirens
  3 black mambas
  5 gargoyles
  10 spiny frogs
  9 komodo dragons
  4 rime drakes
  4 kobold demonologists
  A golden dragon simulacrum (Depths:1)
  41 yaktaurs
  2 tengu conjurers
  29 merfolk
  9 trolls
  3 meliai (D:13)
  A queen bee (D:13)
  3 wind drakes
  22 slime creatures
  9 hornets
  2 polar bears (Lair:6)
  Grinder (D:4)
  A wolf spider simulacrum (D:15)
  A sphinx simulacrum (Vaults:2)
  7 dream sheep
  A stone giant simulacrum (Vaults:2)
  A meliai zombie (D:13)
  14 snapping turtles
  8 blink frogs
  8 hippogriffs
  A frost giant simulacrum (Depths:1)
  6 shadows
  55 yaks
  A ynoxinul (Gauntlet)
  2 tarantellas (Vaults:2)
  3 air elementals
  An ettin skeleton (Depths:1)
  A redback (Vaults:2)
  13 water elementals
  6 basilisks
  A fire elemental (Elf:3)
  A wyvern (shapeshifter) (Vaults:1)
  A wyvern (D:14)
  8 wraiths
  2 hungry ghosts
  A hog (shapeshifter) (Vaults:1)
  4 vampire mosquitoes
  A yaktaur simulacrum (Depths:1)
  7 wargs
  A swamp worm (shapeshifter) (Gauntlet)
  An acid dragon (Vaults:1)
  8 water moccasins
  8 porcupines
  A slave (D:8)
  2 ice beasts
  5 sky beasts
  59 orc warriors
  4 black bears
  A black bear (shapeshifter) (Vaults:1)
  3 necrophages
  An eye of draining (D:13)
  39 centaurs
  A human zombie (Vaults:2)
  36 ogres
  20 boggarts
  35 wolves
  An ogre (shapeshifter) (D:13)
  10 crocodiles
  7 big kobolds
  18 bullfrogs
  2 gnoll sergeants
  An earth elemental (Elf:2)
  4 scorpions
  33 killer bees
  An orc simulacrum (Vaults:2)
  A tengu skeleton (Depths:1)
  22 wights
  3 howler monkeys
  3 lava snakes (Lair:4)
  5 crimson imps
  3 bullfrog zombies
  2 human simulacra
  2 centaur zombies
  2 jellies
  Crazy Yiuf (D:4)
  A gnoll shaman (D:10)
  9 hounds
  3 bullfrog skeletons
  5 centaur skeletons
  26 orc priests
  2 iron imps (Gauntlet)
  7 iguanas
  30 orc wizards
  17 worker ants
  Ijyb (D:3)
  A killer bee zombie (D:9)
  3 hound skeletons (D:6)
  A howler monkey zombie (D:6)
  3 worker ant zombies
  14 gnolls
  2 howler monkey skeletons
  10 adders
  7 shadow imps
  4 adder skeletons
  2 adder zombies (D:9)
  5 worms
  2 dart slugs (D:3)
  4 leopard geckos
  100 orcs
  5 giant cockroaches
  14 goblins
  8 hobgoblins
  8 jackals
  13 kobolds
  4 quokkas
  3 ball pythons
  7 bats
  3 frilled lizards
  A jackal skeleton (D:4)
  5 rats
  3 crawling corpses
  4 tentacles
1696 creatures vanquished.

Vanquished Creatures (collateral kills)
  A dancing weapon (Elf:2)
  A centaur skeleton (D:12)
  A polar bear (Lair:6)
  A hornet (Lair:6)
  A dream sheep (Lair:6)
  A spriggan (Lair:6)
  A wolf (Lair:6)
  A scorpion (D:12)
  6 wights
14 creatures vanquished.

Vanquished Creatures (others)
  A deep elf master archer (Elf:3)
  A deep elf sorcerer (Elf:3)
  A yaktaur captain (Vaults:1)
  A deep elf mage (Elf:2)
  A cyclops (Shoals:3)
  An ugly thing (Vaults:1)
  4 yaktaurs
  An ogre (Vaults:1)
  A centaur (D:15)
  A scorpion (D:14)
  An orc priest (D:8)
  A jelly (D:8)
  3 orcs
  17 fungi
  32 plants
  12 tentacles
79 creatures vanquished.

Grand Total: 1789 creatures vanquished

Notes
Turn   | Place    | Note
-------+----------+-------------------------------------------
     0 | D:1      | Lanoc the Octopode Berserker began the quest for the Orb.
     0 | D:1      | Reached XP level 1. HP: 16/16 MP: 1/1
    71 | D:1      | Found a shimmering altar of Xom.
   144 | D:1      | Reached XP level 2. HP: 18/21 MP: 2/2
   347 | D:2      | Reached XP level 3. HP: 23/26 MP: 3/3
   644 | D:2      | Reached XP level 4. HP: 31/31 MP: 4/4
   680 | D:2      | Reached ** piety under Trog
   784 | D:3      | Found an ancient bone altar of Kikubaaqudgha.
   784 | D:3      | Found a glowing silver altar of Zin.
   790 | D:3      | Noticed Ijyb
   799 | D:3      | Killed Ijyb
  1041 | D:3      | Reached XP level 5. HP: 33/37 MP: 5/5
  1542 | D:3      | Found a white marble altar of Elyvilon.
  1593 | D:4      | Reached skill level 5 in Long Blades
  1721 | D:4      | Reached XP level 6. HP: 27/43 MP: 6/6
  1773 | D:4      | Reached *** piety under Trog
  1869 | D:4      | Noticed Grinder
  1877 | D:4      | Killed Grinder
  1877 | D:4      | Reached XP level 7. HP: 49/49 MP: 7/7
  1887 | D:4      | Found an iron altar of Okawaru.
  2044 | D:4      | Found a staircase to the Ecumenical Temple.
  2106 | D:4      | Found a runed translucent door.
  2107 | D:4      | Noticed Crazy Yiuf
  2113 | D:4      | Killed Crazy Yiuf
  2264 | Temple   | Entered the Ecumenical Temple
  2286 | D:5      | Entered Level 5 of the Dungeon
  2594 | D:5      | Found Cyazomo's Antique Weapon Shop.
  2642 | D:5      | Reached skill level 5 in Fighting
  2947 | D:5      | Found a burning altar of Makhleb.
  3122 | D:6      | Reached skill level 5 in Dodging
  3142 | D:6      | Reached XP level 8. HP: 48/55 MP: 8/8
  3797 | D:6      | Reached **** piety under Trog
  4738 | D:6      | Reached XP level 9. HP: 46/62 MP: 9/9
  5320 | D:7      | Received a gift from Trog
  5659 | D:7      | Got an ancient trident
  5660 | D:7      | Identified the +4 trident of Imbalance {speed, Str+2 Int+2
                  | Stlth+} (You found it on level 7 of the Dungeon)
  5837 | D:8      | Noticed Pikel
  5852 | D:8      | Killed Pikel
  6264 | D:8      | Reached skill level 10 in Long Blades
  6340 | D:8      | Reached XP level 10. HP: 70/71 MP: 10/10
  6671 | D:9      | Found a staircase to the Lair.
  6671 | D:9      | Noticed a death yak
  6671 | D:9      | Noticed a death yak
  6671 | D:9      | Noticed a death yak
  6674 | D:9      | Noticed a death yak
  6674 | D:9      | Noticed a death yak
  6834 | D:9      | Found a staircase to the Orcish Mines.
  7005 | D:9      | Found a shimmering altar of Xom.
  7072 | D:9      | Reached ***** piety under Trog
  7154 | D:9      | Noticed a gargoyle
  7165 | D:9      | Killed a gargoyle
  7552 | D:9      | Got a transparent spear
  7553 | D:9      | Identified the cursed +1 spear of Growth {pierce, MR++
                  | Str-5 Dex+3} (You found it on level 9 of the Dungeon)
  7559 | D:9      | Identified the Papyrus of Scorching Slavery
  7564 | D:9      | Noticed a skeletal warrior
  7623 | D:9      | Killed a skeletal warrior
  7672 | D:9      | Killed an unseen horror
  7684 | D:9      | Found Huololy's Armour Shop.
  7729 | D:9      | Found Foakhloag's Food Emporium.
  7825 | D:9      | Killed a death yak
  7825 | D:9      | Reached XP level 11. HP: 78/78 MP: 11/11
  7830 | D:9      | Killed a death yak
  8075 | D:9      | Killed a death yak
  8299 | D:9      | Killed a death yak
  8378 | D:9      | Killed a death yak
  8539 | D:9      | Found Ikiymn's Armour Shoppe.
  8698 | D:10     | Entered Level 10 of the Dungeon
  9357 | D:10     | Noticed a two-headed ogre
  9456 | D:10     | Received a gift from Trog
  9459 | D:10     | Killed a two-headed ogre
  9608 | D:10     | Noticed a two-headed ogre
  9619 | D:10     | Killed a two-headed ogre
  9619 | D:10     | Reached skill level 10 in Fighting
  9691 | D:10     | Found an opulent altar of Gozag.
  9806 | D:11     | Noticed a cyclops
  9821 | D:11     | Reached skill level 10 in Dodging
  9821 | D:11     | Reached XP level 12. HP: 83/87 MP: 4/12
 10749 | D:11     | Received a gift from Trog
 10862 | D:12     | Noticed Sonja
 10874 | D:12     | Killed Sonja
 11918 | D:12     | Reached XP level 13. HP: 71/95 MP: 4/13
 12037 | D:12     | Noticed Jorgrun
 12045 | D:12     | Killed Jorgrun
 12045 | D:12     | Reached skill level 15 in Long Blades
 13493 | D:13     | Noticed Maurice
 13497 | D:13     | Received a gift from Trog
 13504 | D:13     | Killed Maurice
 13895 | D:13     | Found a gate to the Vaults.
 13895 | D:13     | Noticed a vault guard
 13918 | D:13     | Killed a vault guard
 14064 | D:13     | Reached XP level 14. HP: 103/103 MP: 4/14
 14454 | Orc:1    | Entered Level 1 of the Orcish Mines
 14454 | Orc:1    | Found Luec Bui's Antique Weapon Emporium.
 14483 | Orc:1    | Found a roughly hewn altar of Beogh.
 14559 | Orc:1    | Noticed Erolcha
 14567 | Orc:1    | Killed Erolcha
 14771 | Orc:2    | Entered Level 2 of the Orcish Mines
 14827 | Orc:2    | Found a staircase to the Elven Halls.
 14867 | Orc:2    | Paralysed by an orc sorcerer for 7 turns
 14871 | Orc:2    | Noticed Nergalle
 15075 | Orc:2    | Killed Nergalle
 15237 | Orc:2    | Received a gift from Trog
 15292 | Orc:2    | Noticed Saint Roka
 15434 | Orc:1    | Gained mutation: You are dopey. (Int -2) [potion of
                  | mutation]
 15434 | Orc:1    | Gained mutation: Your spells are a little harder to cast,
                  | but a little more powerful. [potion of mutation]
 15434 | Orc:1    | Gained mutation: Your skin blends seamlessly with your
                  | surroundings (Stealth++). [potion of mutation]
 15789 | Orc:2    | Killed Saint Roka
 15808 | Orc:2    | Found a roughly hewn altar of Beogh.
 15880 | Orc:2    | Found Focafru's Antique Weapon Boutique.
 15914 | Orc:2    | Found Enopomos's Antique Armour Boutique.
 16084 | Orc:2    | Found Vaucal's Book Boutique.
 16334 | Orc:2    | Found a roughly hewn altar of Beogh.
 16626 | Orc:2    | Found Retaqi's General Store.
 16633 | Orc:2    | Bought a potion of curing for 51 gold pieces
 16633 | Orc:2    | Bought a scroll of identify for 34 gold pieces
 16633 | Orc:2    | Bought a scroll of identify for 34 gold pieces
 16789 | Orc:1    | Found Seatzos's Superlative Supplies.
 16797 | Orc:1    | Bought a manual of Shields for 1545 gold pieces
 16938 | Lair:1   | Entered Level 1 of the Lair of Beasts
 18292 | Lair:2   | Found a runed translucent gate.
 18292 | Lair:2   | Found a runed translucent gate.
 18292 | Lair:2   | Found a runed translucent gate.
 18308 | Lair:2   | Noticed Miucotz's ghost (journeyman TrMo)
 18884 | Lair:2   | Reached XP level 15. HP: 111/111 MP: 5/15
 19703 | Lair:3   | Found a hole to the Spider Nest.
 19807 | Lair:3   | Found a runed translucent door.
 19982 | Lair:3   | Found a runed translucent gate.
 19982 | Lair:3   | Found a runed translucent gate.
 19982 | Lair:3   | Found a runed translucent gate.
 19984 | Lair:3   | Noticed Ratty's ghost (journeyman GnAr)
 19984 | Lair:3   | Noticed Xol Empe's ghost (journeyman DsFi)
 19986 | Lair:3   | Noticed Naizifi's ghost (journeyman KoNe)
 19986 | Lair:3   | Noticed Plog's ghost (journeyman MiBe)
 19987 | Lair:3   | Noticed Duod's ghost (journeyman MiBe)
 21208 | Lair:4   | Got a crystal rapier
 21209 | Lair:4   | Identified the +12 rapier of Scorn {flame, +Fly rPois
                  | Dex+2} (You found it on level 4 of the Lair of Beasts)
 21260 | Lair:4   | Reached ****** piety under Trog
 21314 | Lair:4   | Found a gate leading to a gauntlet.
 21323 | Gauntlet | Entered a Gauntlet
 21323 | Gauntlet | Found a transporter.
 21323 | Gauntlet | Found a transporter.
 21325 | Gauntlet | Found a transporter.
 21325 | Gauntlet | Found a transporter.
 21327 | Gauntlet | Found a transporter.
 21336 | Gauntlet | Found a transporter.
 21338 | Gauntlet | Found a transporter.
 21344 | Gauntlet | Found a transporter.
 21359 | Gauntlet | Found a transporter.
 21364 | Gauntlet | Found a transporter.
 21440 | Gauntlet | Found a transporter.
 21462 | Gauntlet | Found a transporter.
 21838 | Gauntlet | Received a gift from Trog
 21951 | Gauntlet | Reached skill level 1 in Stealth
 21959 | Gauntlet | Identified Reucryats's Grimoire of Enchanting Sinister
                  | Rites
 21960 | Gauntlet | Found the +3 warlock's mirror {reflect}
 21996 | Lair:4   | Reached skill level 1 in Shields
 22064 | Lair:4   | Found a staircase to the Shoals.
 22642 | Lair:5   | Found a viscous altar of Jiyva.
 22642 | Lair:5   | Found a staircase to the Slime Pits.
 22717 | Lair:5   | Identified a scroll of acquirement
 22724 | Lair:5   | Got a fine bone ring
 22725 | Lair:5   | Identified the ring "Naulaman" {rCorr *Corrode Dex+5} (You
                  | acquired it on level 5 of the Lair of Beasts)
 23150 | Lair:6   | Entered Level 6 of the Lair of Beasts
 23369 | Lair:6   | Reached XP level 16. HP: 119/119 MP: 16/16
 23369 | Lair:6   | Reached skill level 5 in Stealth
 23374 | Lair:6   | Received a gift from Trog
 23665 | Lair:6   | Got a crude hand crossbow
 23666 | Lair:6   | Identified the +3 hand crossbow of Subterfuge {elec, +Blink
                  | rN+} (You found it on level 6 of the Lair of Beasts)
 24336 | D:14     | Noticed Roxanne
 24424 | D:14     | Found Ubysony's Magic Scroll Boutique.
 24436 | D:14     | Bought a scroll of blinking for 120 gold pieces
 24436 | D:14     | Bought a scroll of teleportation for 48 gold pieces
 24436 | D:14     | Bought a scroll of teleportation for 48 gold pieces
 24542 | D:14     | Found a large runed translucent door.
 24552 | D:14     | Found a large runed translucent door.
 24983 | D:14     | Found a white marble altar of Elyvilon.
 24986 | D:14     | Found a basalt altar of Yredelemnul.
 25032 | D:14     | Killed Roxanne
 25056 | D:15     | Entered Level 15 of the Dungeon
 25194 | D:15     | Reached skill level 15 in Fighting
 25205 | D:15     | Reached skill level 15 in Dodging
 25345 | D:14     | Reached skill level 10 in Stealth
 25593 | D:15     | Received a gift from Trog
 25603 | D:15     | Got a shimmering triple sword {god gift}
 25610 | D:15     | Identified the +8 triple sword of Qaalolas {holy, rElec
                  | rPois rC- Int+2} (Trog gifted it to you on level 15 of the
                  | Dungeon)
 25732 | D:15     | Found Herus's General Store.
 25740 | D:15     | Bought a scroll of identify for 32 gold pieces
 25740 | D:15     | Bought 2 potions of heal wounds for 160 gold pieces
 26066 | D:15     | Found a staircase to the Depths.
 26418 | Shoals:1 | Entered Level 1 of the Shoals
 26614 | Shoals:1 | Reached XP level 17. HP: 104/127 MP: 17/17
 26942 | Shoals:1 | Noticed a kraken
 26955 | Shoals:1 | Killed a kraken
 26977 | Shoals:1 | Noticed a kraken
 27024 | Shoals:1 | Killed a kraken
 27519 | Shoals:1 | Reached skill level 1 in Evocations
 28139 | Shoals:2 | Noticed a kraken
 28154 | Shoals:2 | Killed a kraken
 28503 | Shoals:2 | Noticed Louise
 28516 | Shoals:2 | Killed Louise
 29132 | Shoals:3 | Found Kitwoipy's Armour Emporium.
 29415 | Shoals:3 | Found Nerro's Antique Weapon Shoppe.
 29572 | Shoals:3 | Received a gift from Trog
 30066 | Shoals:3 | Found Veih's Assorted Antiques.
 30221 | Shoals:4 | Entered Level 4 of the Shoals
 30427 | Shoals:4 | Found a runed translucent gate.
 30427 | Shoals:4 | Found a runed translucent gate.
 30568 | Shoals:4 | Got a barnacled rune of Zot
 30730 | Shoals:4 | Reached skill level 5 in Evocations
 30736 | Shoals:4 | Noticed Polyphemus
 30750 | Shoals:4 | Killed Polyphemus
 30833 | Shoals:4 | Reached XP level 18. HP: 117/135 MP: 22/22
 30849 | Shoals:4 | Received a gift from Trog
 31371 | Shoals:4 | Found a runed translucent gate.
 31371 | Shoals:4 | Noticed nht's ghost (adept MiBe)
 31401 | Shoals:4 | Killed nht's ghost
 31435 | Shoals:4 | Identified the amulet of the First Hells {RegenMP MR+
                  | Int+3} (You found it on level 4 of the Shoals)
 31619 | Lair:3   | Killed Duod's ghost
 31621 | Lair:3   | Killed Xol Empe's ghost
 31625 | Lair:3   | Killed Naizifi's ghost
 31628 | Lair:3   | Killed Plog's ghost
 31633 | Lair:3   | Killed Ratty's ghost
 31651 | Lair:3   | Identified the +7 shortbow "Worm" {freeze, *Slow +Blink
                  | MR+} (You found it on level 3 of the Lair of Beasts)
 31825 | Lair:2   | Killed Miucotz's ghost
 32050 | Elf:1    | Entered Level 1 of the Elven Halls
 32248 | Elf:1    | Received a gift from Trog
 32738 | Elf:1    | Found Metiam's Magic Scroll Emporium.
 32746 | Elf:1    | Found Ecricukh's Distillery.
 32758 | Elf:1    | Bought a scroll of teleportation for 48 gold pieces
 32807 | Elf:1    | Bought a potion of haste for 180 gold pieces
 32807 | Elf:1    | Bought a potion of heal wounds for 90 gold pieces
 32807 | Elf:1    | Bought a potion of haste for 180 gold pieces
 32807 | Elf:1    | Bought a potion of heal wounds for 90 gold pieces
 32807 | Elf:1    | Bought a potion of invisibility for 144 gold pieces
 32807 | Elf:1    | Bought a potion of agility for 72 gold pieces
 33033 | Elf:1    | Received a gift from Trog
 33098 | Elf:1    | Found a roughly hewn altar of Beogh.
 33590 | Elf:2    | Reached XP level 19. HP: 137/144 MP: 26/26
 33826 | Elf:2    | Received a gift from Trog
 33835 | Elf:2    | Reached skill level 10 in Evocations
 34638 | Elf:2    | Found a runed translucent gate.
 34638 | Elf:2    | Found a runed translucent gate.
 34639 | Elf:2    | Found a runed translucent gate.
 35856 | Elf:2    | Received a gift from Trog
 35953 | Elf:3    | Entered Level 3 of the Elven Halls
 36042 | Elf:3    | Found Faibowaum's Antique Armour Boutique.
 36992 | Elf:3    | Identified the +5 trident "Tihuetrotow" {vamp, +Inv Str+6
                  | Dex+4}
 37119 | Elf:3    | Reached XP level 20. HP: 153/153 MP: 28/28
 37279 | Elf:3    | Got a polished hand crossbow
 37280 | Elf:3    | Identified the +7 hand crossbow "Ydeadgh" {venom, +Blink
                  | rElec Int+3} (You found it on level 3 of the Elven Halls)
 37289 | Elf:3    | Identified the +8 shortbow of Evisceration {flame, *Contam
                  | rC+ rN++ Str+4} (You found it on level 3 of the Elven
                  | Halls)
 37298 | Elf:3    | Identified the Tome of Execration
 37302 | Elf:3    | Identified the Almanac of Terror
 37578 | Vaults:1 | Entered Level 1 of the Vaults
 37682 | Vaults:1 | Received a gift from Trog
 38825 | Vaults:1 | Received a gift from Trog
 39517 | Vaults:2 | Found a flickering gateway to a bazaar.
 39537 | Bazaar   | Entered a bazaar
 39539 | Bazaar   | Found Uxuxuz's Assorted Antiques.
 39543 | Bazaar   | Found Nuishuruori's Weapon Boutique.
 39543 | Bazaar   | Found Lefoh's Weapon Boutique.
 39544 | Bazaar   | Found Neniuhik's Weapon Boutique.
 39577 | Bazaar   | Bought a scroll of acquirement for 936 gold pieces
 39577 | Bazaar   | Bought a potion of heal wounds for 90 gold pieces
 39586 | Bazaar   | Got a slimy jade ring
 39588 | Bazaar   | Identified the ring of the Many Demons {rF+ SInv} (You
                  | acquired it in a bazaar)
 39785 | Vaults:2 | Received a gift from Trog
 40194 | Vaults:2 | Reached XP level 21. HP: 112/162 MP: 31/31
 40500 | Vaults:2 | Received a gift from Trog
 40736 | Vaults:2 | Noticed Aizul
 40757 | Vaults:2 | Killed Aizul
 41490 | Vaults:2 | Received a gift from Trog
 41818 | Vaults:3 | Found a staircase to the Crypt.
 42304 | Vaults:3 | Reached skill level 15 in Evocations
 42340 | Vaults:3 | Received a gift from Trog
 42384 | Vaults:3 | HP: 2/163 [deep troll earth mage/blast of rock fragments[an
                  | ironheart preserver] (38)]
 42862 | Vaults:3 | Reached XP level 22. HP: 144/171 MP: 33/33
 43451 | Vaults:3 | Received a gift from Trog
 43938 | Vaults:4 | Found a runed translucent gate.
 43938 | Vaults:4 | Found a runed translucent gate.
 43939 | Vaults:4 | Found a runed translucent gate.
 43952 | Vaults:4 | Noticed Pyagrit's ghost (adept OgMo)
 44425 | Vaults:4 | Received a gift from Trog
 44848 | Vaults:4 | Found Ywanoran's Food Shop.
 45643 | Vaults:4 | Received a gift from Trog
 45980 | Depths:1 | Entered Level 1 of the Depths
 45999 | Depths:1 | Found a flickering gateway to a bazaar.
 46097 | Bazaar   | Entered a bazaar
 46111 | Bazaar   | Found Bots's Gadget Emporium.
 46111 | Bazaar   | Found Weloen's Armour Shoppe.
 46145 | Bazaar   | Found Qetiarux's Jewellery Emporium.
 46145 | Bazaar   | Found Orickeof's Distillery.
 46166 | Bazaar   | Found Zaut's Distillery.
 46201 | Bazaar   | Bought a potion of heal wounds for 50 gold pieces
 46201 | Bazaar   | Bought a potion of haste for 100 gold pieces
 46201 | Bazaar   | Bought a potion of haste for 100 gold pieces
 46201 | Bazaar   | Bought a potion of agility for 40 gold pieces
 46201 | Bazaar   | Bought a potion of agility for 40 gold pieces
 46201 | Bazaar   | Bought 2 potions of curing for 60 gold pieces
 46201 | Bazaar   | Bought a potion of curing for 30 gold pieces
 46201 | Bazaar   | Bought a potion of curing for 30 gold pieces
 46845 | Depths:1 | Found a one-way gate to the infinite horrors of the Abyss.
 47487 | Depths:1 | Reached XP level 23. HP: 153/179 MP: 35/35
 47577 | Depths:1 | Received a gift from Trog
 47671 | Depths:1 | Killed from afar by a lich

Levels and vault maps discovered:
D:1:      denvon_arrival_planthouse, layout_rooms, xom_teletrap_fun
D:2:      layout_loops_ring
D:3:      layout_basic, gammafunk_temple_overflow_forgotten, first_ration,
          uniq_ijyb
D:4:      layout_cave_pools, okawaru_metal_pillars_1_2,
          minmay_temple_entry_junction, uniq_grinder, uniq_crazy_yiuf_cottage
D:5:      layout_loops_corners, serial_shops, kennysheep_little_box,
          bloody_makhleb
D:6:      layout_basic
D:7:      layout_loops_ring, grunt_ogre_cave
D:8:      layout_loops_ring, kennysheep_generic_room_11, uniq_pikel
D:9:      minmay_the_grid_octo_tiled_squarecenter [minmay_the_grid_octo_horde,
          minmay_the_grid_octo_odd_swirl, minmay_the_grid_octo_checkerflower,
          minmay_the_grid_octo_teeth, minmay_the_grid_square_5x5_megaprize_open,
          minmay_the_grid_square_5x5_shrine1, minmay_the_grid_square_5x5_n,
          minmay_the_grid_square_5x5_three_walls,
          minmay_the_grid_square_5x5_checkered], layout_long_grid,
          dpeg_lair_monsters, orc_0_dummy, serial_shops, nicolae_shop_trees,
          kennysheep_mini_moat, shop_fountains
D:10:     layout_stronghold, lemuel_statue_altar
D:11:     layout_irregular_city
D:12:     layout_basic, uniq_jorgrun, uniq_sonja
D:13:     layout_basic, david_vaults_5, special_room [special_room_bee],
          uniq_maurice
D:14:     layout_roguey, serial_shops, shop, serial_bayou_pond_c,
          jmf_multi_god_temple2, uniq_roxanne
D:15:     grunt_enter_depths_hoard, layout_cross,
          chequers_serial_rivers_large_a, serial_shops, shop, minivault_16,
          grunt_decor_clamped
Temple:   regret_index_temple_mists
Lair:1:   layout_long_grid, serial_forest, infiniplex_forest_lined_corner,
          infiniplex_forest_end_2, infiniplex_forest_lined_3_way,
          infiniplex_forest_straight_1, infiniplex_forest_end_3,
          infiniplex_forest_clump_diagonal, infiniplex_forest_straight_1,
          st_stairs_3
Lair:2:   beast_lair_carwin_large_4, layout_gridlike,
          maelrawn_ghost_gauntlet_escape, minmay_lair_oklob_chamber
Lair:3:   gammafunk_mikee_crab_dinner, layout_chaotic_city, dummy_spider_entry,
          gammafunk_ghost_cemetery, lemuel_fruit_fields
Lair:4:   layout_roguey, elwin_shoals_entry_stream,
          portal_ice_cave_entry_pillars_1, gauntlet_entry_generic,
          disabler_island, uniq_nergalle
Lair:5:   layout_hall_layers, slime_altar_1, serial_bayou_pond_e,
          serial_bayou_shore_b, grunt_megastairs_2
Lair:6:   minmay_lair_end_enchanted_forest, layout_cave_pods, minivault_11,
          minivault_27
Shoals:1: layout_shoals, nicolae_shoals_circle_sea_wall
Shoals:2: layout_shoals, uniq_louise
Shoals:3: layout_shoals, serial_shops, nicolae_shop_window_shopping, shop, shop
Shoals:4: shoals_end_simple, layout_shoals, ebering_ghost_rock_garden,
          uniq_polyphemus
Orc:1:    layout_caves, serial_shops, shop, basic_altar, nicolae_alphabet_shops,
          uniq_erolcha
Orc:2:    grunt_orc_cross, layout_caves, basic_altar
Elf:1:    elf_arrival_002, layout_geoelf_octagon, special_room
          [special_room_orc], hangedman_elf_represent,
          nicolae_elf_stone_circles, minmay_shoptagon
Elf:2:    layout_loops_ring, special_room [special_room_orc]
Elf:3:    minmay_elf_hall_dome, layout_onion_city, serial_shops, shop,
          st_stairs_6
Vaults:1: ontoclasm_vaults_gateway, ontoclasm_vaults_hangar,
          vaults_mumra_minichess, vaults_room_fours, v_misc_16,
          nicolae_vaults_murderbox, v_rooms_2, hangedman_vaults_slither,
          v_misc_1, grunt_vaults_funnel, nicolae_vaults_little_squares_2,
          nicolae_vaults_little_ls, layout_vaults_omnibox
Vaults:2: vaults_mumra_minichess_inversion, vaults_room_corners,
          nicolae_vaults_border_crossing, nicolae_vaults_puzzle_piece,
          st_octagons_1, vaults_room_pool, v_misc_22, v_pattern_3, v_misc_18,
          v_misc_22, vaults_dpeg_encased_lava, ontoclasm_vaults_twist,
          v_misc_22, layout_vaults_ring, serial_shops, bzr_entry_islet,
          uniq_aizul
Vaults:3: v_misc_22, v_alt_pattern_4, nicolae_vaults_hallways_thing, v_misc_12,
          hangedman_vaults_locks, minmay_crypt_entry_simple_corners,
          hangedman_vaults_capsules, v_pattern_2, vaults_mumra_hexcomb,
          vaults_room_pools, nicolae_vaults_diagonal_hallway_8,
          nicolae_vaults_little_squares_1, vaults_room_corners,
          nicolae_vaults_gold_heap, layout_vaults_omnicross
Vaults:4: gammafunk_vaults_ghost_tricky_traps, v_misc_11,
          vaults_room_ringed_pool, grunt_vaults_twisty,
          grunt_vaults_hallway_short, vaults_room_semicircle,
          layout_vaults_omnigrid, serial_shops, shop
Depths:1: layout_roguey, serial_shops, bzr_entry_customers, hell_entry,
          marbit_kobold_abyss_entry, serial_bayou_pond_d,
          small_chamber_with_monster, statue_in_the_mist_lemuel,
          hangedman_feature_mirror, chequers_big_river,
          grunt_absolute_annihilation
Bazaar:   bazaar_long_row
Gauntlet: gammafunk_gauntlet_shortcut [gammafunk_gauntlet_arena_hedges,
          gammafunk_gauntlet_arena_corners, nicolae_gauntlet_arena_blocks,
          gammafunk_gauntlet_arena_chambers, gammafunk_gauntlet_arena_teeth,
          nicolae_gauntlet_arena_t_cross, gauntlet_exit_green]

Skill      XL: |  1  2  3  4  5  6  7  8  9 10 11 12 13 14 15 16 17 18 19 20 21 22 23 |
---------------+----------------------------------------------------------------------+-----
Long Blades    | 4 5 6 8 10 11 13 14 16 17 18 | 18.3
Fighting       | 4 5 6 7 8 10 11 12 13 14 15 16 17 18 19 20 | 20.9
Dodging        | 4 5 6 7 8 10 11 12 13 14 15 16 17 18 19 20 | 20.9
Stealth        | 4 10 13 | 13.0
Shields        | 4 |  4.0
Evocations     | 5 9 11 13 15 16 17 | 17.1

Action                   |  1- 3 |  4- 6 |  7- 9 | 10-12 | 13-15 | 16-18 | 19-21 | 22-24 || total
-------------------------+-------+-------+-------+-------+-------+-------+-------+-------++-------
Melee: Falchion          |    39 |   112 |    57 |       |       |       |       |       ||   208
       Constrict         |    14 |    41 |    67 |    62 |   147 |   191 |   199 |    76 ||   797
       Tentacles         |    13 |    33 |    51 |   123 |   298 |   375 |   442 |   230 ||  1565
       Scimitar          |       |       |    97 |       |       |       |       |       ||    97
       Trident           |       |       |    65 |   284 |       |       |       |       ||   349
       Great sword       |       |       |       |   192 |   669 |       |       |       ||   861
       Long sword        |       |       |       |       |    35 |     8 |       |       ||    43
       Demon blade       |       |       |       |       |   121 |  1025 |  1158 |   588 ||  2892
       Rapier            |       |       |       |       |    38 |       |       |       ||    38
       Triple sword      |       |       |       |       |       |    18 |       |       ||    18
Invok: Berserk           |     1 |     4 |     5 |    25 |    38 |    19 |    13 |     6 ||   111
       Trog's Hand       |       |     2 |     1 |     3 |    10 |     8 |     8 |     6 ||    38
       Brothers in Arms  |       |       |       |     1 |     1 |     1 |     1 |       ||     4
Evoke: Wand              |       |       |     1 |     2 |     2 |       |       |     1 ||     6
       Lightning rod     |       |       |       |       |       |       |     4 |       ||     4
  Use: Potion            |       |     2 |     1 |     4 |    14 |     3 |    14 |     4 ||    42
       Scroll            |       |       |     5 |     5 |    14 |     6 |     9 |     4 ||    43
 Stab: Sleeping          |     2 |     6 |     9 |    14 |    14 |    32 |    25 |     7 ||   109
       Distracted        |       |     1 |       |       |     2 |     3 |     6 |     1 ||    13
       Paralysed         |       |       |       |     2 |       |       |       |     1 ||     3
       Petrified         |       |       |       |       |     7 |       |       |       ||     7
       Confused          |       |       |       |       |       |     1 |       |       ||     1
       Fleeing           |       |       |       |       |       |       |       |     2 ||     2
  Eat: Chunk             |       |     7 |    17 |    32 |    53 |    44 |    36 |    23 ||   212
       Ration            |       |       |     1 |     3 |     7 |     3 |     3 |       ||    17
Armor: Skin              |     2 |     5 |     4 |     7 |     7 |     2 |     4 |     4 ||    35
Dodge: Dodged            |    33 |    76 |   133 |   324 |   757 |   715 |   739 |   429 ||  3206
Block: Other             |       |       |    13 |    74 |   110 |     2 |       |       ||   199
       Reflection        |       |       |       |     7 |     7 |    54 |    81 |    37 ||   186
       Buckler           |       |       |       |       |    50 |   458 |   506 |   280 ||  1294
       Shield            |       |       |       |       |     2 |       |       |       ||     2
       Rpst.: Falchion   |    13 |    30 |     7 |       |       |       |       |       ||    50
       Scimitar          |       |       |    24 |       |       |       |       |       ||    24
       Great sword       |       |       |       |    52 |   169 |       |       |       ||   221
       Long sword        |       |       |       |       |     9 |     2 |       |       ||    11
       Demon blade       |       |       |       |       |    22 |   164 |   164 |   102 ||   452
       Triple sword      |       |       |       |       |       |     6 |       |       ||     6

Table legend:
 A = Non-vault XP
 B = Vault XP
 C = Vault XP percentage of total XP
 D = Non-vault monster count
 E = Vault monster count
 F = Vault count percentage of total count
                 A         B        C        D         E       F
            +---------+---------+-------+---------+---------+-------
      Total |  440402 |  281218 |  39.0 |    1221 |     495 |  28.8
            +---------+---------+-------+---------+---------+-------
        D:1 |      23 |       0 |   0.0 |      13 |       0 |   0.0
        D:2 |      77 |       0 |   0.0 |      16 |       0 |   0.0
        D:3 |     129 |      33 |  20.4 |      35 |       1 |   2.8
        D:4 |     199 |     319 |  61.6 |      19 |       2 |   9.5
        D:5 |     292 |       0 |   0.0 |      11 |       0 |   0.0
        D:6 |    1351 |       0 |   0.0 |      45 |       0 |   0.0
        D:7 |     677 |     118 |  14.8 |      16 |       1 |   5.9
        D:8 |     878 |     714 |  44.8 |      22 |       3 |  12.0
        D:9 |     710 |    8895 |  92.6 |      17 |      35 |  67.3
       D:10 |    4083 |       0 |   0.0 |      28 |       0 |   0.0
       D:11 |    6119 |       0 |   0.0 |      63 |       0 |   0.0
       D:12 |   10164 |    2928 |  22.4 |      53 |       2 |   3.6
       D:13 |   10874 |    7101 |  39.5 |      57 |      38 |  40.0
       D:14 |    6487 |    8218 |  55.9 |      26 |       8 |  23.5
       D:15 |   18768 |    1850 |   9.0 |      57 |       3 |   5.0
     Lair:1 |    6474 |     440 |   6.4 |      26 |       2 |   7.1
     Lair:2 |    8466 |    7301 |  46.3 |      26 |      21 |  44.7
     Lair:3 |    3821 |   19336 |  83.5 |      17 |      19 |  52.8
     Lair:4 |    3390 |    2281 |  40.2 |      16 |       8 |  33.3
     Lair:5 |    8623 |     277 |   3.1 |      23 |       2 |   8.0
     Lair:6 |    7892 |    8487 |  51.8 |      18 |      44 |  71.0
   Shoals:1 |   20794 |       0 |   0.0 |      34 |       0 |   0.0
   Shoals:2 |    8195 |    1515 |  15.6 |      15 |       1 |   6.2
   Shoals:3 |   12638 |       0 |   0.0 |      29 |       0 |   0.0
   Shoals:4 |    9153 |   27751 |  75.2 |      23 |      38 |  62.3
      Orc:1 |    1018 |    1181 |  53.7 |      16 |       2 |  11.1
      Orc:2 |    2463 |   12530 |  83.6 |      31 |      34 |  52.3
      Elf:1 |   28496 |   14351 |  33.5 |      42 |      27 |  39.1
      Elf:2 |   24739 |   33587 |  57.6 |      38 |      50 |  56.8
      Elf:3 |    9213 |   31060 |  77.1 |      15 |      21 |  58.3
   Vaults:1 |   37167 |   23412 |  38.6 |      71 |      34 |  32.4
   Vaults:2 |   36410 |   37815 |  50.9 |      61 |      45 |  42.5
   Vaults:3 |   44456 |   14936 |  25.1 |      79 |      21 |  21.0
   Vaults:4 |   57197 |    5342 |   8.5 |      90 |       7 |   7.2
   Depths:1 |   48966 |    5608 |  10.3 |      73 |      12 |  14.1
   Gauntlet |       0 |    3832 | 100.0 |       0 |      14 | 100.0
            +---------+---------+-------+---------+---------+-------
